 Dungeon Crawl Stone Soup version 0.32-a0-818-gb728d0252e (webtiles) character file.

Game seed: 6165682527689243769

36 hikkokomori the Apothecary (level 3, -30/24 HPs)
             Began as a Coglin Alchemist on Mar 24, 2024.
             Killed by an exploding goblin (32 damage)
             ... ignited by their inner flame
             ... on level 1 of the Dungeon.
             The game lasted 00:02:03 (662 turns).

hikkokomori the Apothecary (Coglin Alchemist)        Turns: 662, Time: 00:02:03

Health: -30/24     AC:  3    Str:  8    XL:     3   Next: 37%
Magic:  6/6        EV: 11    Int: 16    God:
Gold:   81         SH:  0    Dex: 14    Spells: 5/6 levels left

rFire   . . .        h - +1 sling {Xiang}
rCold   . . .        j - +0 sling {Joji}
rNeg    . . .        a - +1 robe
rPois   .            (no helmet)
rElec   .            (no cloak)
rCorr   .            (no gloves)
SInv    .            (no boots)
Will    .....        (amulet unavailable)
Stlth   ++           (ring unavailable)
HPRegen 0.24/turn    (ring unavailable)
MPRegen 0.10/turn    (no gizmo)

%: no passive effects
@: revving
A: off-hand wielding, slow wielding, warmup strikes, no jewellery
a: Invent Gizmo


You were on level 1 of the Dungeon.
You visited 1 branch of the dungeon, and saw 2 of its levels.

You collected 81 gold pieces.

Inventory:

Hand Weapons
 c - a +0 club {Miranda}
 d - a +0 club {Doyun}
 h - a +1 sling (weapon) {Xiang}
 j - a +0 sling (offhand) {Joji}
Armour
 a - a +1 robe (worn)
Magical Staves
 f - a staff of cold
 k - a staff of fire
Potions
 b - 2 potions of magic
 g - a potion of degeneration


   Skills:
 - Level 2.0 Dodging
 - Level 2.0 Stealth
 + Level 2.2 Spellcasting
 + Level 1.5 Conjurations
 + Level 3.6 Alchemy


You had 5 spell levels left.
You knew the following spells:

 Your Spells              Type           Power      Damage    Failure   Level
a - Sting                 Conj/Alch      40%        1d5       7%          1

Your spell library contained the following spells:

 Spells                   Type           Power      Damage    Failure   Level
 Mercury Vapours          Alch/Air       14%        N/A       14%         2
 Mephitic Cloud           Conj/Alch/Air  7%         N/A       30%         3
 Olgreb's Toxic Radiance  Alch           13%        N/A       41%         4
 Sticky Flame             Fire/Alch      7%         2d4       67%         4


Dungeon Overview and Level Annotations

Branches:
Dungeon (2/15)

Altars:

Annotations:
D:1 Terence


Innate Abilities, Weirdness & Mutations

You can wield a second weapon in your off-hand.
It takes a long time for you to wield or remove held weapons.
Your first few attacks do less damage.
You cannot equip rings or amulets.


Message History

You are too injured to fight recklessly!
You are too injured to fight recklessly!
You are too injured to fight recklessly!
You are too injured to fight recklessly!
You are too injured to fight recklessly!
The goblin closely misses you. Terence hits you with a +0 hand axe!
You climb upwards.
There is a stone staircase leading down here.
As you read the scroll labelled XIHOTI CIESU, it crumbles to dust.
It is a scroll of amnesia.
Okay, then.
The goblin hits you with a +0 club.
* * * LOW HITPOINT WARNING * * *
Terence barely misses you.
Okay, then.
Okay, then.
Okay, then.
As you read the scroll labelled QUKIUBBECWO, it crumbles to dust.
It is a scroll of enchant armour.
Your +0 robe glows green for a moment.
The goblin hits you with a +0 club.
* * * LOW HITPOINT WARNING * * *
Terence hits you with a +0 hand axe.
* * * LOW HITPOINT WARNING * * *
As you read the scroll labelled GEMEEGHYHAG, it crumbles to dust.
It is a scroll of enchant weapon.
Your +0 sling {Xiang} glows red for a moment.
The goblin hits you but does no damage.
Terence says, "Don't bother to defend, it's senseless."
Terence barely misses you.
As you read the scroll labelled YMOWULLIMUM, it crumbles to dust.
The creatures around you are filled with an inner flame!
It was a scroll of immolation.
The goblin barely misses you. Terence barely misses you.
You shoot a sling bullet.
The sling bullet closely misses the goblin.
You shoot a sling bullet. The sling bullet hits the goblin.
The goblin explodes!
The fiery explosion engulfs you!!
Ouch! That really hurt!
You die...

................# #......#
..##♣♣♣.♣♣♣##...###......#
..# ♣⌠♣ #............#
..♣♣♣♣♣.♣♣♣♣♣..........###
.....⌠.<.⌠.............#
..♣♣♣♣♣.♣♣♣♣♣..........#
..# ♣⌠♣ #..§§......#
..##♣♣♣.♣♣♣##..)§......#
...........)..§§@......#
####..###..####.@.†....#
#..............(....#
####.#########.........#
#........# #.........#
#........# #.........#
#........#####.........#
#........##............#
'........##............#


You could see Terence (inner flame).

Vanquished Creatures
  3 dart slugs
  3 ball pythons (D:1)
  2 endoplasms (D:1)
  5 giant cockroaches
  6 goblins (D:1)
  A kobold (D:1)
  2 bats (D:1)
  4 frilled lizards (D:1)
  4 rats (D:1)
30 creatures vanquished.

Notes
Turn   | Place    | Note
-------+----------+-------------------------------------------
     0 | D:1      | hikkokomori the Coglin Alchemist began the quest for the
                  | Orb.
     0 | D:1      | Reached XP level 1. HP: 13/13 MP: 3/3
    29 | D:1      | Reached skill level 1 in Conjurations
   139 | D:1      | Reached XP level 2. HP: 18/19 MP: 4/4
   448 | D:1      | Reached XP level 3. HP: 24/24 MP: 6/6
   652 | D:2      | Noticed Terence
   659 | D:1      | HP: 1/24 [Terence/+0 hand axe (4)]
   662 | D:1      | Killed by an exploding goblin... ignited by their inner
                  | flame

Illustrated notes

Levels and vault maps discovered:
D:1:      scummos_arrival_forest, layout_basic
D:2:      layout_rooms, shapermc_ecumenical_altar_rom_forum, solitary_fountain,
          kennysheep_small_spiral, minivault_26, nicolae_grassy_gnolls,
          uniq_terence

Skill      XL: |  1  2 |
---------------+-------+-----
Conjurations   | 1 |  1.5
Dodging        | 2 |  2.0
Spellcasting   | 2 |  2.2
Stealth        | 2 |  2.0
Alchemy        | |  3.6

Action                     || total
---------------------------++-------
  Melee: Club              ||    40
         Unarmed           ||     2
   Fire: Sling             ||    98
   Cast: Sting             ||     4
    Use: Scroll            ||     6
   Stab: Sleeping          ||     2
 Armour: Robe              ||    34
  Dodge: Dodged            ||    35

Table legend: (Time is in decaauts)
 A = Elapsed time spent in this place.
 B = Non-inter-level travel time spent in this place.
 C = Inter-level travel time spent in this place.
 D = Time resting spent in this place.
 E = Time spent auto-exploring this place.
 F = Levels seen in this place.
 G = Mean time per level.
                   A        B        C        D        E       F      G
               +--------+--------+--------+--------+--------+-----+--------+
         Total |    689 |    675 |     14 |     10 |    429 |   2 |  344.5 |
       Dungeon |    689 |    675 |     14 |     10 |    429 |   2 |  344.5 |
               +--------+--------+--------+--------+--------+-----+--------+

Top non-repeatable levels by time:
     D:1: 657 daAuts
     D:2: 31 daAuts
